AoeStats
← PannaCota5749

Arabia

509988558Analyzed
3v3 RM · 2d ago on Sep 28, 2026· 21m 12s· 6 players
Game mode
Random Map
Map size
Normal (6 player)
Population
200
Speed
Normal
Resources
Standard
Victory
Conquest
Starting age
Dark Age
Ending age
Imperial Age
RankedLock teamsTeams togetherTeam positionsShared explorationLock speedFull tech treeHidden civsTurbo modeCheats
Victory
Defeat
🇨🇴 Lithuanians · Colombia
1162
+14
🇨🇴 Romans · Colombia
1160
+14
🇸🇪 Koreans · Sweden
1142
+16
🇨🇱 Franks · Chile
1132
-15
🇲🇽 Goths · Mexico
1130
-15
🇦🇷 Byzantines · Argentina
1104
-14
alexisxsegura
3:37 Loom
11:42 Feudal Age
12:32 Double-Bit Axe
13:09 Man-at-Arms
17:13 Forging
PannaCota5749
9:42 Feudal Age
10:33 Double-Bit Axe
Deilos
7:49 Loom
10:08 Feudal Age
10:09 Man-at-Arms
10:47 Double-Bit Axe
14:42 Fletching
18:09 Padded Archer Armor
21:46 Castle Age
21:19 Gold Mining
Hoang.bastos
5:42 Loom
8:25 Feudal Age
8:59 Double-Bit Axe
18:22 Castle Age
17:22 Gold Mining
17:21 Horse Collar
18:14 Bloodlines
18:15 Town Watch
20:13 Bow Saw
20:46 Heavy Plow
20:55 Husbandry
[ColAE] ChenteMoreno
6:09 Loom
9:21 Feudal Age
9:36 Man-at-Arms
12:36 Scale Mail Armor
17:06 Fletching
20:33 Castle Age
19:20 Forging
20:35 Long Swordsman
21:15 Squires
21:35 Chain Mail Armor
scarabe
7:39 Loom
10:49 Feudal Age
12:27 Double-Bit Axe
15:42 Fletching
Connection lost

Rejoining the realm…

Still unreachable

The connection could not be restored.

Session expired

The server has moved on; the page needs a fresh start.